 Dungeon Crawl Stone Soup version 0.31-a0-219-g8d62b2e7bb (webtiles) character file.

Game seed: 18346887137507914922

1358 innerfire43 the Trooper (level 8, -7/65 HPs)
             Began as a Demonspawn Monk on July 3, 2023.
             Was a High Priest of Uskayaw.
             Mangled by an orange demon (11 damage)
             ... led by Amaemon
             ... on level 9 of the Dungeon.
             The game lasted 00:08:00 (5602 turns).

innerfire43 the Trooper (Demonspawn Monk)           Turns: 5602, Time: 00:08:02

Health: -7/65      AC: 12    Str: 15    XL:     8   Next: 37%
Magic:  8/8        EV: 17    Int: 11    God:    Uskayaw [*****.]
Gold:   376        SH:  0    Dex: 18    Spells: 7/7 levels left

rFire   . . .        e - +0 broad axe (vamp)
rCold   . . .        y - +3 buckler of Hammu {rC- rN+ Dex+3 SInv}
rNeg    + + .        k - +2 ring mail "Naukank" {rC+}
rPois   .            (helmet restricted)
rElec   .            h - +0 cloak
rCorr   .            r - +0 pair of gloves
SInv    +            C - +0 pair of boots
Will    .....        (no amulet) Stlth
                     j - ring of positive energy
HPRegen 0.30/turn    x - +5 ring of evasion
MPRegen 0.11/turn

%: no passive effects
@: confused, lethally poisoned (-7 -> -11), ambrosia-drunk, fire susceptible
A: horns 1, yellow scales 1, icemail 1, condensation shield
a: Renounce Religion, Stomp, Line Pass, Grand Finale


You were on level 9 of the Dungeon.
You worshipped Uskayaw.
Uskayaw was noncommittal.
You visited 1 branch of the dungeon, and saw 8 of its levels.

You collected 376 gold pieces.

Inventory:

Hand Weapons
 a - a +0 hand axe
 e - a +0 vampiric broad axe (weapon)
Missiles
 w - 2 throwing nets
Armour
 b - a +0 robe
 d - an orb of light
 h - a +0 cloak (worn)
 k - the +2 ring mail "Naukank" (worn) {rC+}
   (You found it on level 2 of the Dungeon)

   rC:        It protects you from cold.
 q - a +0 pair of gloves
 r - a +0 pair of gloves (worn)
 y - the +3 buckler of Hammu (worn) {rC- rN+ Dex+3 SInv}
   (You acquired it on level 4 of the Dungeon)

   Dex:       It affects your dexterity (+3).
   rC:        It makes you vulnerable to cold.
   rN:        It protects you from negative energy.
   SInv:      It lets you see invisible.
 C - a +0 pair of boots (worn)
Jewellery
 j - a ring of positive energy (left hand)
 x - a +5 ring of evasion (right hand)
 B - a ring of see invisible
 E - a ring of fire
Wands
 n - a wand of flame (13)
Scrolls
 m - 3 scrolls of teleportation
 o - 4 scrolls of fog
 s - 2 scrolls of poison
 A - 2 scrolls of immolation
Potions
 f - 3 potions of resistance
 g - 4 potions of heal wounds {unknown}
 i - a potion of cancellation {unknown}
 l - 3 potions of curing {unknown}
 p - 2 potions of haste {unknown}
 t - a potion of might {unknown}
 u - a potion of brilliance {unknown}
 v - a potion of lignification {unknown}
 z - a potion of mutation {unknown}
 F - a potion of enlightenment {unknown}


   Skills:
 + Level 6.3 Fighting
 + Level 5.7 Axes
 - Level 4.5 Dodging
 * Level 4.4 Shields


You had 7 spell levels left.
You didn't know any spells.
Your spell library contained the following spells:

 Spells                   Type           Power      Damage    Failure   Level
 Ensorcelled Hibernation  Hex/Ice        0%         N/A       80%         2
 Dazzling Flash           Conj/Hex       0%         N/A       95%         3
 Inner Flame              Hex/Fire       0%         N/A       95%         3
 Ozocubu's Armour         Ice            0%         N/A       95%         3
 Spider Form              Tmut/Pois      0%         N/A       95%         3
 Anguish                  Hex/Necr       0%         N/A       100%        4
 Flame Wave               Conj/Fire      0%         2d4       100%        4
 Petrify                  Tmut/Erth      0%         N/A       100%        4
 Sticky Flame             Conj/Fire      0%         2d3       100%        4
 Agony                    Necr           0%         N/A       100%        5
 Metabolic Englaciation   Hex/Ice        0%         N/A       100%        5
 Silence                  Hex/Air        0%         N/A       100%        5
 Statue Form              Tmut/Erth      0%         N/A       100%        6
 Ozocubu's Refrigeration  Ice            0%         4d7       100%        7
 Borgnjor's Revivificati  Necr           0%         N/A       100%        8
 Necromutation            Tmut/Necr      0%         N/A       100%        8
 Death's Door             Necr           0%         N/A       100%        9


Dungeon Overview and Level Annotations

Branches:
Dungeon (7/15)             Temple (0/1) D:5

Altars:
Qazlal
Uskayaw
Ignis

Annotations:
D:9 Amaemon


Innate Abilities, Weirdness & Mutations

You have a pair of small horns on your head.
You are partially covered in yellow scales. (AC +2)
A meltable icy envelope protects you from harm. (AC +0)
A meltable shield of frost defends you. (SH +0)


Message History

Amaemon misses you. Amaemon closely misses you.
The scorpion completely misses you. You block the scorpion's attack.
Uskayaw prepares the audience for your solo!
You are confused.
You feel invigorated.
* * * LOW HITPOINT WARNING * * *
You feel very sick.
Amaemon is no longer paralysed.
The orange demon is no longer paralysed.
The scorpion is no longer paralysed. x3; The orange demon barely misses you.
Amaemon barely misses you. Amaemon misses you. Amaemon barely misses you.
The scorpion closely misses you. The scorpion barely misses you.
You bump into the rock wall.
* * * LOW HITPOINT WARNING * * *
You feel very sick. The scorpion closely misses you.
The scorpion completely misses you. The orange demon barely misses you.
Amaemon barely misses you. Amaemon claws you!
* * * LOW HITPOINT WARNING * * *
Amaemon closely misses you.
You're too confused to move!
* * * LOW HITPOINT WARNING * * *
You feel sick.
The scorpion stings you but does no damage.
The scorpion barely misses you. The orange demon barely misses you.
Amaemon gestures wildly while chanting.
The scorpion closely misses you. The scorpion misses you.
You miss the scorpion.
The scorpion is almost dead.
You miss the scorpion. You barely miss Amaemon.
You feel very sick. The orange demon misses you. Amaemon misses you.
Amaemon claws you.
* * * LOW HITPOINT WARNING * * *
Amaemon misses you. The scorpion stings you.
* * * LOW HITPOINT WARNING * * *
The scorpion completely misses you.
Amaemon hisses.
Amaemon points at the orange demon and mumbles some strange words.
The orange demon seems to grow toxic.
The orange demon stings you from afar!
You die...

#.# ###.###
#.....#.# #.....#.#
+.....#.# #.....#.#
###########.....#.#
#s@64s....'.....+..
#s#########.....#.#
#.# ..............
#.. .......#'#...
#.## ####.####.#.##
#.. ..............
### #####........
#.#........
#..........


You could see Amaemon (flame-wreathed), an orange demon (curare) and 3
scorpions.

Vanquished Creatures
  A troll (D:9)
  Menkaure (D:6)
  The ghost of promet the Trooper, an amateur DrFi (D:3)
  A black bear (D:3)
  An ogre (D:5)
  A phantom (D:5)
  3 hounds
  3 jellies
  3 orc priests
  2 iguanas (D:4)
  5 orc wizards (D:5)
  A howler monkey zombie (D:3)
  3 gnolls (D:5)
  8 adders
  A howler monkey skeleton (D:3)
  3 dart slugs
  16 orcs
  3 bats
  4 endoplasms
  A giant cockroach (D:2)
  4 goblins
  4 hobgoblins
  6 jackals
  10 kobolds
  7 quokkas
  5 ball pythons
  2 frilled lizards
  6 rats
106 creatures vanquished.

Notes
Turn   | Place    | Note
-------+----------+-------------------------------------------
     0 | D:1      | innerfire43 the Demonspawn Monk began the quest for the
                  | Orb.
     0 | D:1      | Reached XP level 1. HP: 18/18 MP: 1/1
   217 | D:1      | Gained mutation: A meltable shield of frost defends you.
                  | (SH +0) [demonic ancestry]
   217 | D:1      | Reached XP level 2. HP: 23/24 MP: 2/2
  1076 | D:2      | Gained mutation: A meltable icy envelope protects you from
                  | harm. (AC +0) [demonic ancestry]
  1076 | D:2      | Reached XP level 3. HP: 26/29 MP: 3/3
  1099 | D:2      | Identified the +2 ring mail "Naukank" {rC+}
  1730 | D:2      | Found a faded altar of an unknown god.
  1776 | D:2      | Prayed at the altar of an unknown god.
  1776 | D:2      | Became a worshipper of Ignis, the Dying Flame
  1776 | D:2      | Reached ****** piety under Ignis
  1991 | D:3      | Reached XP level 4. HP: 37/37 MP: 4/4
  2085 | D:3      | Noticed a black bear
  2099 | D:3      | Killed a black bear
  2100 | D:3      | Reached skill level 4 in Fighting
  2100 | D:3      | Reached XP level 5. HP: 24/42 MP: 5/5
  2702 | D:3      | Found a runed translucent gate.
  2702 | D:3      | Found a runed translucent gate.
  2702 | D:3      | Found a runed translucent gate.
  2705 | D:3      | Identified a scroll of acquirement
  2705 | D:3      | Acquired a +0 vampiric broad axe
  3083 | D:3      | Noticed promet's ghost (amateur DrFi)
  3102 | D:3      | Killed promet's ghost
  3103 | D:3      | Gained mutation: You are partially covered in yellow
                  | scales. (AC +2) [demonic ancestry]
  3103 | D:3      | Reached XP level 6. HP: 28/50 MP: 6/6
  3484 | D:4      | Reached skill level 5 in Fighting
  3553 | D:4      | Found a stormy altar of Qazlal.
  3690 | D:4      | Found a hide-covered altar of Uskayaw.
  3739 | D:4      | Fell from the grace of Ignis
  3739 | D:4      | Became a worshipper of Uskayaw the Reveller
  3870 | D:4      | Acquired the +3 buckler of Hammu {rC- rN+ Dex+3 SInv}
  3889 | D:5      | Entered Level 5 of the Dungeon
  3955 | D:5      | Reached * piety under Uskayaw
  3965 | D:5      | Reached skill level 1 in Shields
  3965 | D:5      | Gained mutation: You have a pair of small horns on your
                  | head. [demonic ancestry]
  3965 | D:5      | Reached XP level 7. HP: 56/56 MP: 7/7
  4019 | D:5      | Reached ** piety under Uskayaw
  4046 | D:5      | Found a staircase to the Ecumenical Temple.
  4078 | D:5      | Reached *** piety under Uskayaw
  4079 | D:5      | Reached **** piety under Uskayaw
  4082 | D:5      | Reached skill level 5 in Axes
  4083 | D:5      | Reached ***** piety under Uskayaw
  4927 | D:6      | Noticed Menkaure
  4935 | D:6      | Killed Menkaure
  4936 | D:6      | Reached skill level 6 in Fighting
  4936 | D:6      | Reached XP level 8. HP: 63/64 MP: 8/8
  5508 | D:7      | You fall into a shaft and drop 2 floors!
  5516 | D:9      | Noticed a troll
  5526 | D:9      | Killed a troll
  5542 | D:9      | Noticed an orange demon
  5544 | D:9      | Noticed Amaemon
  5600 | D:9      | HP: 3/65 [Amaemon/+0 demon whip of venom[Ignis] (9)]
  5602 | D:9      | Mangled by an orange demon

Illustrated notes

Levels and vault maps discovered:
D:1:      heliophobic_arrival_ceremonial_halls, layout_basic
D:2:      layout_basic, shapermc_ecumenical_altar_mp_highgroup,
          grunt_ministairs_10, minivault_5, chequers_decorated_corner
D:3:      layout_loops_corners, serial_glass, glass_columns_a, glass_columns_c,
          glass_columns_c, glass_columns_b, gammafunk_ghost_necromancy,
          dk_vineyard_1, kennysheep_cross_room, grunt_decor_clamped
D:4:      layout_rooms, nicolae_qazlal_eye_of_the_storm,
          nicolae_uskayaw_suspiria, kennysheep_nub
D:5:      layout_cave_pods, minmay_temple_entry_purple_smoke,
          grunt_ministairs_12
D:6:      layout_loops_ring, mainiacjoe_overflow_concentric_impassable,
          uniq_menkaure
D:7:      layout_layer_cave, tso_oasis_becter, enter_bailey_2, uniq_joseph,
          uniq_crazy_yiuf_cottage
D:9:      layout_basic, mainiacjoe_overflow_paths,
          mainiacjoe_overflow_surrounded_room, lemuel_round_altar, uniq_pikel,
          uniq_amaemon, uniq_psyche

Skill      XL: |  1  2  3  4  5  6  7  8 |
---------------+-------------------------+-----
Axes           | 3 4 5 |  5.7
Dodging        | 3 4 |  4.5
Fighting       | 4 5 6 |  6.3
Shields        | 1 3 4 |  4.4

Action                     |  1- 3 |  4- 6 |  7- 9 || total
---------------------------+-------+-------+-------++-------
  Melee: Hand axe          |   113 |    76 |       ||   189
         Broad axe         |       |    67 |    81 ||   148
         Headbutt          |       |       |    13 ||    13
  Evoke: Wand              |       |       |     9 ||     9
    Use: Scroll            |       |     4 |     6 ||    10
         Potion            |       |       |     1 ||     1
   Stab: Paralysed         |       |       |    11 ||    11
 Armour: Robe              |    21 |       |       ||    21
         Ring mail         |    18 |    75 |    41 ||   134
  Dodge: Dodged            |    93 |    95 |   129 ||   317
  Block: Orb               |    23 |    30 |       ||    53
         Buckler           |       |     4 |    74 ||    78

Table legend: (Time is in decaauts)
 A = Elapsed time spent in this place.
 B = Non-inter-level travel time spent in this place.
 C = Inter-level travel time spent in this place.
 D = Time resting spent in this place.
 E = Time spent auto-exploring this place.
 F = Levels seen in this place.
 G = Mean time per level.
                   A        B        C        D        E       F      G
               +--------+--------+--------+--------+--------+-----+--------+
         Total |   5685 |   5102 |    583 |      0 |   4155 |   8 |  710.6 |
       Dungeon |   5685 |   5102 |    583 |      0 |   4155 |   8 |  710.6 |
               +--------+--------+--------+--------+--------+-----+--------+

Top non-repeatable levels by time:
     D:3: 1521 daAuts
     D:1: 1058 daAuts
     D:5: 946 daAuts
     D:2: 888 daAuts
     D:6: 681 daAuts
     D:4: 468 daAuts
     D:9: 99 daAuts
     D:7: 21 daAuts
